 Dungeon Crawl Stone Soup version 0.31-a0-1529-g7bd419a0e5 (webtiles) character file.

Game seed: 3822557751355270020

821 TheScarfBastard the Chopper (level 7, -3/94 HPs)
             Began as a Minotaur Berserker on Dec 31, 2023.
             Was a Believer of Trog.
             Slain by a troll (8 damage)
             ... on level 6 of the Dungeon.
             The game lasted 00:08:48 (3597 turns).

TheScarfBastard the Chopper (Minotaur Berserker)    Turns: 3597, Time: 00:08:49

Health: -3/94      AC: 13    Str: 24    XL:     7   Next: 63%
Magic:  6/6        EV:  9    Int:  4    God:    Trog [**....]
Gold:   220        SH:  0    Dex:  9    Spells: 6/6 levels left

rFire   . . .        n - +0 hand axe (flame)
rCold   . . .        (no shield)
rNeg    . . .        i - +0 chain mail
rPois   .            (helmet restricted)
rElec   .            (no cloak)
rCorr   .            (no gloves)
SInv    .            (no boots)
Will    ++...        (no amulet) Stlth
                     h - +4 ring of protection
HPRegen 1.35/turn    (no ring)
MPRegen 0.10/turn

%: no passive effects
@: berserking, strong-willed, regenerating, very quick
A: horns 2, retaliatory headbutt
a: Renounce Religion, Berserk, Trog's Hand


You were on level 6 of the Dungeon.
You worshipped Trog.
Trog was pleased with you.
You visited 1 branch of the dungeon, and saw 6 of its levels.

You collected 220 gold pieces.

Inventory:

Hand Weapons
 a - a +1 hand axe
 n - a +0 hand axe of flaming (weapon)
Armour
 b - a +1 animal skin
 i - a +0 chain mail (worn)
Jewellery
 h - a +4 ring of protection (left hand)
 k - an amulet of magic regeneration
 p - an amulet of reflection
Wands
 m - a wand of flame (15)
Scrolls
 o - a scroll of teleportation {unknown}
 r - a scroll of amnesia
Potions
 c - a potion of ambrosia {unknown}
 d - a potion of degeneration {unknown}
 e - 2 potions of heal wounds
 f - 4 potions of attraction
 g - 2 potions of enlightenment
 j - a potion of haste {unknown}
 l - 2 potions of curing {unknown}
 s - a potion of brilliance {unknown}


   Skills:
 + Level 6.0 Fighting
 + Level 7.4 Axes
 + Level 4.6 Armour
 + Level 4.6 Dodging
 + Level 1.2 Stealth


You had 6 spell levels left.
You didn't know any spells.
Your spell library was empty.

Dungeon Overview and Level Annotations

Branches:
Dungeon (6/15)             Temple (0/1) D:4

Altars:
Cheibriados
Dithmenos
Hepliaklqana
Qazlal
Yredelemnul

Shops:
D:2 *   D:4 :


Innate Abilities, Weirdness & Mutations

You have a pair of horns on your head.
You reflexively headbutt those who attack you in melee.


Message History

You are electrocuted!
The troll bites you. The troll claws you.
* * * LOW HITPOINT WARNING * * *
The troll claws you.
* * * LOW HITPOINT WARNING * * *
A red film seems to cover your vision as you go berserk!
You feel yourself moving faster!
You feel mighty!
The orc priest hits you but does no damage.
The troll bites you but does no damage.
The troll claws you but does no damage. x2
You slash the troll! You burn the troll.
The troll is heavily wounded.
You hit the orc priest but do no damage.
The orc priest casts a cantrip, but nothing happens.
The troll closely misses you. The troll claws you but does no damage.
The troll misses you.
You hit the troll. You burn the troll.
The troll is heavily wounded.
You closely miss the orc priest. You barely miss the troll.
The troll is heavily wounded.
You hit the orc priest. You burn the orc priest.
The troll bites you but does no damage. The troll barely misses you.
The troll claws you but does no damage. The orc priest barely misses you.
You barely miss the troll.
The troll is heavily wounded.
You hit the orc priest but do no damage.
You barely miss the troll.
The troll is heavily wounded.
You barely miss the orc priest.
The orc priest hits you but does no damage.
The troll bites you but does no damage. The troll claws you but does no damage.
The troll claws you!
* * * LOW HITPOINT WARNING * * *
You hit the troll. You burn the troll. Your headbutt misses the troll.
The troll is severely wounded.
You hit the orc priest. You burn the orc priest.
The orc priest hits you but does no damage.
You are electrocuted!
* * * LOW HITPOINT WARNING * * *
The troll barely misses you. x2; The troll claws you!
You die...

## .# .# .#
#####o######
#<..@T......
#.####..####
...# .#
##### #


You could see a troll and an orc priest.

Vanquished Creatures
  2 ogres
  A phantom (D:5)
  2 scorpions
  The ghost of Curundu the Poker, a weakling MiBe of Trog (D:3)
  2 howler monkeys
  2 hounds
  A gnoll bouda (D:5)
  2 iguanas (D:5)
  An orc wizard (D:5)
  3 adders
  8 gnolls
  2 dart slugs
  A ribbon worm (D:4)
  8 orcs
  6 bats
  2 endoplasms (D:1)
  A giant cockroach (D:2)
  4 hobgoblins
  4 jackals (D:1)
  4 quokkas
  5 ball pythons
  A frilled lizard (D:3)
  4 goblins
  5 kobolds
  8 rats
80 creatures vanquished.

Notes
Turn   | Place    | Note
-------+----------+-------------------------------------------
     0 | D:1      | TheScarfBastard the Minotaur Berserker began the quest for
                  | the Orb.
     0 | D:1      | Reached XP level 1. HP: 19/19 MP: 0/0
   111 | D:1      | Reached XP level 2. HP: 27/27 MP: 1/1
   198 | D:1      | Found a faded altar of an unknown god.
   217 | D:1      | Reached skill level 4 in Axes
   455 | D:1      | Reached ** piety under Trog
   481 | D:1      | Reached XP level 3. HP: 32/33 MP: 2/2
   708 | D:2      | Found Nuam's Assorted Antiques.
  1546 | D:3      | Reached XP level 4. HP: 41/41 MP: 3/3
  1647 | D:3      | Found a large runed translucent door.
  1648 | D:3      | Found a large runed translucent door.
  1650 | D:3      | Noticed Curundu's ghost (weakling MiBe)
  1667 | D:3      | Killed Curundu's ghost
  1668 | D:3      | Reached skill level 5 in Axes
  1668 | D:3      | Reached XP level 5. HP: 36/47 MP: 4/4
  1969 | D:4      | Reached skill level 5 in Fighting
  2282 | D:4      | Found Reg Wemu's Self-Published Books.
  2345 | D:4      | Found a snail-covered altar of Cheibriados.
  2399 | D:4      | Noticed an ogre
  2406 | D:4      | Killed an ogre
  2407 | D:4      | Reached skill level 6 in Axes
  2407 | D:4      | Reached XP level 6. HP: 56/56 MP: 5/5
  2475 | D:4      | Found a shadowy altar of Dithmenos.
  2480 | D:4      | Found a hazy altar of Hepliaklqana.
  2484 | D:4      | Found a basalt altar of Yredelemnul.
  2511 | D:4      | Found a staircase to the Ecumenical Temple.
  2924 | D:5      | Entered Level 5 of the Dungeon
  3099 | D:5      | Reached skill level 1 in Stealth
  3099 | D:5      | Reached XP level 7. HP: 49/61 MP: 6/6
  3185 | D:5      | Found a stormy altar of Qazlal.
  3204 | D:5      | Reached skill level 7 in Axes
  3224 | D:5      | Reached *** piety under Trog
  3581 | D:6      | Noticed a troll
  3597 | D:6      | Slain by a troll

Illustrated notes

Levels and vault maps discovered:
D:1:      minmay_arrival_cross, layout_basic, ebering_ecumenical_altar_abandoned
D:2:      layout_loops_ring, serial_shops, shop
D:3:      minmay_angry_zag, layout_loops_ring, ebering_ghost_disaster_area,
          grunt_ministairs_3, reono_crystal_passage
D:4:      layout_loops_corners, kennysheep_slug_shrine,
          grunt_temple_overflow_diamond, lemuel_temple_firewalk_b,
          serial_rivers, chequers_serial_rivers_small_3,
          chequers_serial_rivers_micro_d, chequers_serial_rivers_small_b,
          chequers_serial_rivers_micro_b, nicolae_custom_books
D:5:      layout_cave_pods, mainiacjoe_overflow_brackets, amethyst_killhole
D:6:      layout_rooms, nemelex_diamond_rough_becter, serial_curves,
          eino_curves_02, eino_curves_04, portal_sewer_entry_d

Skill      XL: |  1  2  3  4  5  6  7 |
---------------+----------------------+-----
Fighting       | 4 5 6 |  6.0
Axes           | 4 5 6 7 |  7.4
Dodging        | 3 4 |  4.6
Armour         | 3 4 |  4.6
Stealth        | 1 |  1.2

Action                     |  1- 3 |  4- 6 |  7- 9 || total
---------------------------+-------+-------+-------++-------
  Melee: Hand axe          |    78 |    62 |    62 ||   202
         Headbutt          |     7 |    12 |     9 ||    28
         Punch             |       |     1 |     1 ||     2
 Invoke: Berserk           |       |       |     2 ||     2
         Trog's Hand       |       |       |     1 ||     1
    Use: Scroll            |     4 |     4 |       ||     8
 Armour: Animal skin       |    46 |       |       ||    46
         Chain mail        |     9 |    46 |    84 ||   139
  Dodge: Dodged            |    89 |    28 |    28 ||   145

Table legend: (Time is in decaauts)
 A = Elapsed time spent in this place.
 B = Non-inter-level travel time spent in this place.
 C = Inter-level travel time spent in this place.
 D = Time resting spent in this place.
 E = Time spent auto-exploring this place.
 F = Levels seen in this place.
 G = Mean time per level.
                   A        B        C        D        E       F      G
               +--------+--------+--------+--------+--------+-----+--------+
         Total |   3615 |   3553 |     62 |      0 |   2318 |   6 |  602.5 |
       Dungeon |   3615 |   3553 |     62 |      0 |   2318 |   6 |  602.5 |
               +--------+--------+--------+--------+--------+-----+--------+

Top non-repeatable levels by time:
     D:4: 1104 daAuts
     D:1: 712 daAuts
     D:5: 657 daAuts
     D:2: 643 daAuts
     D:3: 480 daAuts
     D:6: 17 daAuts
